 Dungeon Crawl Stone Soup version 0.29-a0-96-g93358da72b (webtiles) character file.

Game seed: 15083451824639922809

190 siradein the Insei (level 5, -8/44 HPs)
             Began as a Draconian Transmuter on Feb 10, 2022.
             Succumbed to Duvessa's poison
             ... on level 4 of the Dungeon.
             The game lasted 00:07:44 (4005 turns).

siradein the Insei (Draconian Transmuter)           Turns: 4005, Time: 00:07:44

Health: -8/44      AC:  2    Str: 12    XL:     5   Next: 41%
Magic:  6/9        EV: 20    Int: 15    God:
Gold:   106        SH:  0    Dex: 17    Spells: 3/9 levels left

rFire   . . .      SeeInvis .     - Unarmed
rCold   . . .      Faith    .   (shield currently unavailable)
rNeg    + . .      Spirit   .   (armour unavailable)
rPois   x          Reflect  .   (helmet currently unavailable)
rElec   .          Harm     .   (cloak currently unavailable)
rCorr   .          Rampage  .   (gloves currently unavailable)
Will    .....                   (boots currently unavailable)
Stlth   ++........              (no amulet)
HPRegen 0.14/turn               l - ring of positive energy
MPRegen 0.11/turn               (no ring)

@: lethally poisoned (-8 -> -67), spider-form (expiring)
A: venomous fangs, AC +5, tiny, unfitting armour, (cold-blooded)
a: End Transformation


You were on level 4 of the Dungeon.
You were a venomous arachnid creature.
You visited 1 branch of the dungeon, and saw 4 of its levels.

You collected 106 gold pieces.

Inventory:

Hand Weapons
 k - a +2 flail of pain (melded)
Armour
 f - a scarf of repulsion (melded)
 i - a +1 pair of boots (melded)
 p - a +0 kite shield
Magical Staves
 b - a staff of air
Jewellery
 l - a ring of positive energy (left front leg)
 o - a ring of resist corrosion
Scrolls
 a - a scroll of identify {unknown}
 d - a scroll of immolation {unknown}
 e - a scroll of amnesia {unknown}
 h - a scroll of fear {unknown}
 m - a scroll of silence {unknown}
 q - a scroll of enchant armour {unknown}
Potions
 c - 2 potions of invisibility {unknown}
 g - a potion of ambrosia {unknown}
 j - a potion of haste {unknown}
 n - a potion of heal wounds {unknown}


   Skills:
 + Level 2.8 Fighting
 + Level 2.7 Dodging
 + Level 3.8 Unarmed Combat
 + Level 2.9 Spellcasting
 + Level 3.0 Transmutations


You had 3 spell levels left.
You knew the following spells:

 Your Spells              Type           Power      Damage    Failure   Level
a - Beastly Appendage     Tmut           22%        N/A       17%         1
b - Wereblood             Tmut           11%        N/A       22%         2
c - Spider Form           Tmut/Pois      6%         N/A       54%         3

Your spell library contained the following spells:

 Spells                   Type           Power      Damage    Failure   Level
 Ignite Poison            Fire/Tmut/Pois 5%         N/A       61%         3
 Mephitic Cloud           Conj/Pois/Air  2%         N/A       73%         3
 Ice Form                 Ice/Tmut       6%         N/A       88%         4
 Freezing Cloud           Conj/Ice/Air   1%         6-21      100%        5


Dungeon Overview and Level Annotations

Branches:
Dungeon (4/15)
 Temple: D:4-7

Altars:
Fedhas
Uskayaw
Xom

Shops:
D:1 ?

Annotations:
D:2 Sigmund
D:4 Dowan, Duvessa


Innate Abilities, Weirdness & Mutations

You are a venomous arachnid creature.
You have poisonous fangs.
You are tiny and dextrous.
Your spellcasting is less reliable in this form.
Your armour is entirely melded.
You are incapable of wielding weapons or throwing items.
((Your plain brown scales are hard. (AC +5)))
You cannot fit into any form of body armour.
((You are cold-blooded and may be slowed by cold attacks.))


Message History

You kill the goblin!
Dowan gestures wildly while chanting.
Dowan blinks!
Found a short sword.
You see here a +0 dagger.
Duvessa shouts!
Your transformation is almost over.
Duvessa says, "When magic and the sword combine, nothing stands against them."
Your horns disappear.
Your talons disappear.
Your +1 pair of boots unmelds from your body.
There is a stone staircase leading up here.
Casting: Beastly Appendage (safe; 6% risk of failure)
Confirm with . or Enter, or press ? or * to list all spells.
The spell is quite dangerous to miscast (32% risk of failure)!
Continue anyway?
You turn into a venomous arachnid creature.
Your +2 flail of pain melds into your body.
Your scarf of repulsion melds into your body.
Your +1 pair of boots melds into your body.
The haze of the repulsion field disappears.
Duvessa hits you with a +2 short sword of venom!
You are poisoned.
You hit Duvessa but do no damage.
You feel very sick. Duvessa closely misses you.
You hit Duvessa.
Duvessa is lightly wounded.
You feel very sick. Duvessa barely misses you.
Dowan points at you and mumbles some strange words.
The puff of flame hits you!
You are too injured to fight recklessly!
You are too injured to fight recklessly!
You hit Duvessa.
Duvessa is poisoned.
Duvessa is lightly wounded.
Your transformation is almost over.
You feel very sick.
Duvessa hits you with a +2 short sword of venom!
* * * LOW HITPOINT WARNING * * *
You are more poisoned.
You die...

........#
...)....#
.......##
....#e..#
####
..####..##
#..## .#
##..####...##
.
#...##.....#
##e.##.....##
#...#..e.s.##
##..#.e.....#
##.........#
#..........#
##.........#
##.......##
#......##
##....##
#......


You could see Duvessa (very poisoned) and Dowan.

Vanquished Creatures
  2 orc priests (D:3)
  Robin (D:1)
  4 adders
  A worm (D:3)
  7 orcs
  3 ball pythons (D:1)
  4 endoplasms
  9 hobgoblins
  7 jackals
  9 kobolds
  A quokka (D:1)
  6 bats
  4 frilled lizards
  10 goblins
  8 rats
76 creatures vanquished.

Notes
Turn   | Place    | Note
-------+----------+-------------------------------------------
     0 | D:1      | siradein the Draconian Transmuter began the quest for the
                  | Orb.
     0 | D:1      | Reached XP level 1. HP: 16/16 MP: 3/3
    46 | D:1      | Found Mecoe's Magic Scroll Shop.
   363 | D:1      | Reached XP level 2. HP: 23/23 MP: 3/5
   372 | D:1      | Learned a level 2 spell: Wereblood
  1261 | D:2      | Reached XP level 3. HP: 21/29 MP: 2/6
  1288 | D:2      | Noticed Robin
  2102 | D:1      | Killed Robin
  2403 | D:2      | Found a shimmering altar of Xom.
  2404 | D:2      | Noticed Sigmund
  2435 | D:3      | Learned a level 3 spell: Spider Form
  2573 | D:3      | Reached XP level 4. HP: 33/36 MP: 5/7
  2646 | D:3      | Found a hide-covered altar of Uskayaw.
  2651 | D:3      | Noticed a +0 dagger
  2653 | D:3      | Noticed a +0 hand axe
  2780 | D:3      | Reached XP level 5. HP: 24/42 MP: 7/9
  3585 | D:3      | Found a blossoming altar of Fedhas.
  3981 | D:4      | Noticed Duvessa
  3983 | D:4      | Noticed Dowan
  4005 | D:4      | Succumbed to Duvessa's poison

Illustrated notes

Levels and vault maps discovered:
D:1:      pf_arrival_petrified_forest, layout_basic, serial_shops,
          nicolae_shop_competitors_out_of_business
D:2:      layout_rooms, basic_altar, hellmonk_ecumenical_altar_watching_god,
          uniq_crazy_yiuf_cottage, uniq_robin, uniq_sigmund
D:3:      layout_basic, dancing_weapons_uskayaw, mainiacjoe_overflow_24_doors
D:4:      layout_cave_pods, grunt_temple_overflow_order_and_chaos_2,
          lemuel_tele_altar, uniq_duvessa

Skill      XL: |  1  2  3  4  5 |
---------------+----------------+-----
Dodging        | 2 |  2.7
Fighting       | 2 |  2.8
Transmutations | 3 |  3.0
Unarmed Combat | |  3.8
Spellcasting   | |  2.9

Action                   |  1- 3 |  4- 6 || total
-------------------------+-------+-------++-------
Melee: Unarmed           |    27 |     3 ||    30
       Kick              |    37 |    13 ||    50
       Headbutt          |    14 |    12 ||    26
       Dagger            |   112 |    38 ||   150
       Punch             |     3 |     5 ||     8
       Tailslap          |     7 |     8 ||    15
       Flail             |       |    47 ||    47
 Cast: Beastly Appendage |    25 |    24 ||    49
       Wereblood         |     1 |       ||     1
       Spider Form       |       |     1 ||     1
Armor: Skin              |    56 |    30 ||    86
Dodge: Dodged            |   129 |    60 ||   189
       Repelled          |     2 |       ||     2

Table legend: (Time is in decaauts)
 A = Elapsed time spent in this place.
 B = Non-inter-level travel time spent in this place.
 C = Inter-level travel time spent in this place.
 D = Time resting spent in this place.
 E = Time spent auto-exploring this place.
 F = Levels seen in this place.
 G = Mean time per level.
                   A        B        C        D        E       F      G
               +--------+--------+--------+--------+--------+-----+--------+
         Total |   4028 |   3902 |    126 |    699 |   2445 |   4 | 1007.0 |
       Dungeon |   4028 |   3902 |    126 |    699 |   2445 |   4 | 1007.0 |
               +--------+--------+--------+--------+--------+-----+--------+

Top non-repeatable levels by time:
     D:1: 1972 daAuts
     D:3: 1383 daAuts
     D:2: 632 daAuts
     D:4: 39 daAuts
